[Event "45th FIDE Womens Olympiad 2024"]
[Site "Budapest"]
[Date "2024.09.16"]
[Round "6.213"]
[White "Bouzana, Christina"]
[Black "Charinda, Kudzanayi"]
[Result "0-1"]
[ECO "A50"]
[WhiteElo "1644"]
[BlackElo "1854"]
[PlyCount "148"]
[EventDate "2024.09.05"]
[EventType "team-tourn"]
[EventCountry "HUN"]
[WhiteTeam "Cyprus"]
[BlackTeam "Zimbabwe"]
[WhiteTeamCountry "CYP"]
[BlackTeamCountry "ZIM"]
[TimeControl "40/5400+30:1800+30"]

1. d4 Nf6 2. c4 e6 3. Nc3 b6 4. e4 d6 5. Nf3 Bb7 6. Bd3 Be7 7. O-O Nbd7 8. Re1 O-O 9. h3 a6 10. Bd2 Rc8 11. a3 c6 12. b4 e5 13. d5 cxd5 14. cxd5 Rc7 15. Rc1 Qb8 16. Qb3 Rfc8 17. Be3 Nh5 18. g3 g6 19. Rc2 Rf8 20. Bh6 Ng7 21. g4 Kh8 22. Rec1 Nf6 23. Ne2 Rxc2 24. Rxc2 Rc8 25. Nd2 Rc7 26. Rxc7 Qxc7 27. Qc3 Qd7 28. f4 exf4 29. Nxf4 Nfe8 30. g5 Kg8 31. Be2 Qd8 32. Nf3 Bc8 33. Bf1 f5 34. Qd4 fxe4 35. Qxe4 Bf5 36. Qc4 Bc8 37. Bd3 b5 38. Qc3 Qb6+ 39. Qd4 Qc7 40. Qb2 Bf5 41. Nd4 Bxd3 42. Nxd3 Nh5 43. Ne6 Qc4 44. Qd4 Qxd4+ 45. Nxd4 Nc7 46. Nc6 Nxd5 47. Kf2 Kf7 48. Nb8 Nc7 49. Kf3 Ke6 50. Nc6 Kd7 51. Nd4 Ne6 52. Nxe6 Kxe6 53. Ke4 Ng3+ 54. Kf3 Nf5 55. Ke4 d5+ 56. Kf3 Nxh6 57. gxh6 Bf8 58. Nc5+ Bxc5 59. bxc5 Ke5 60. h4 d4 61. c6 Kd6 62. c7 Kxc7 63. Ke4 Kc6 64. Kxd4 Kd6 65. Ke4 a5 66. Kd4 Kc6 67. Ke5 b4 68. axb4 axb4 69. Kf6 b3 70. Kg7 b2 71. Kxh7 b1=Q 72. Kg7 Qb2+ 73. Kxg6 Qh8 74. h7 Kd6 {0-} 0-1

[Event "45th FIDE Womens Olympiad 2024"]
[Site "Budapest"]
[Date "2024.09.16"]
[Round "6.214"]
[White "Makwena, Christine"]
[Black "Sokolova, Larisa"]
[Result "1-0"]
[ECO "B80"]
[WhiteElo "1860"]
[BlackElo "1705"]
[PlyCount "75"]
[EventDate "2024.09.05"]
[EventType "team-tourn"]
[EventCountry "HUN"]
[WhiteTeam "Zimbabwe"]
[BlackTeam "Cyprus"]
[WhiteTeamCountry "ZIM"]
[BlackTeamCountry "CYP"]
[TimeControl "40/5400+30:1800+30"]

1. e4 c5 2. Nf3 d6 3. d4 cxd4 4. Nxd4 Nf6 5. Nc3 a6 6. f3 e6 7. Be3 b5 8. a3 Qc7 9. Qd2 Nc6 10. Nxc6 Qxc6 11. Be2 Be7 12. O-O-O Bb7 13. g4 d5 14. g5 Nd7 15. exd5 Qd6 16. dxe6 Qxd2+ 17. Rxd2 fxe6 18. Rhd1 Bc6 19. f4 Rd8 20. Bg4 Kf7 21. Ne2 Nb8 22. Nd4 Bd5 23. f5 e5 24. Nxb5 Bc6 25. Nd6+ Bxd6 26. Rxd6 Rxd6 27. Rxd6 Be4 28. Ba7 Nc6 29. Rd7+ Ne7 30. Bc5 Re8 31. Kd2 Bc6 32. Rc7 Rd8+ 33. Ke3 Rd7 34. Rxd7 Bxd7 35. Bxe7 Kxe7 36. f6+ gxf6 37. gxf6+ Ke8 38. f7+ 1-0

[Event "45th FIDE Womens Olympiad 2024"]
[Site "Budapest"]
[Date "2024.09.16"]
[Round "6.215"]
[White "Paunescu, Aida"]
[Black "Wakuruwarewa, Colletta"]
[Result "1/2-1/2"]
[ECO "D02"]
[WhiteElo "1603"]
[BlackElo "1814"]
[PlyCount "67"]
[EventDate "2024.09.05"]
[EventType "team-tourn"]
[EventCountry "HUN"]
[WhiteTeam "Cyprus"]
[BlackTeam "Zimbabwe"]
[WhiteTeamCountry "CYP"]
[BlackTeamCountry "ZIM"]
[TimeControl "40/5400+30:1800+30"]

1. d4 d5 2. Nf3 Nf6 3. Bf4 Bf5 4. e3 e6 5. c4 Be7 6. Qb3 Qc8 7. Bd3 Bxd3 8. Qxd3 O-O 9. O-O Nbd7 10. h3 Bd6 11. Ne5 dxc4 12. Qxc4 Nd5 13. Nxd7 Qxd7 14. Bxd6 cxd6 15. Qd3 Rfc8 16. Nc3 Nxc3 17. bxc3 d5 18. Rfc1 Rc4 19. Rab1 Rac8 20. Rc2 a5 21. Rb3 h6 22. e4 a4 23. Rb4 Rxb4 24. cxb4 Rxc2 25. Qxc2 dxe4 26. Qxe4 b5 27. Qe5 Kh7 28. Qc5 Kg6 29. Kf1 Qd5 30. Qxd5 exd5 31. Ke2 Kf5 32. Ke3 h5 33. g3 g5 34. f3 1/2-1/2

[Event "45th FIDE Womens Olympiad 2024"]
[Site "Budapest"]
[Date "2024.09.16"]
[Round "6.216"]
[White "Zengeni, Tatenda Melisa"]
[Black "Pica, Eleni"]
[Result "1-0"]
[ECO "A45"]
[WhiteElo "1732"]
[BlackElo "1609"]
[PlyCount "149"]
[EventDate "2024.09.05"]
[EventType "team-tourn"]
[EventCountry "HUN"]
[WhiteTeam "Zimbabwe"]
[BlackTeam "Cyprus"]
[WhiteTeamCountry "ZIM"]
[BlackTeamCountry "CYP"]
[TimeControl "40/5400+30:1800+30"]

1. d4 Nf6 2. e3 g6 3. Bd3 Bg7 4. Nd2 O-O 5. f4 d6 6. Ngf3 Nbd7 7. O-O c5 8. c3 a6 9. Qe1 b5 10. Qh4 Bb7 11. f5 Re8 12. fxg6 hxg6 13. Ng5 Nf8 14. Nde4 Bxe4 15. Bxe4 d5 16. Bc2 cxd4 17. exd4 e5 18. dxe5 Rxe5 19. Nf3 Rh5 20. Qg3 Qb6+ 21. Nd4 Ne4 22. Bxe4 Bxd4+ 23. cxd4 Qxd4+ 24. Qe3 Qxe4 25. Qxe4 dxe4 26. g4 Rh3 27. Kg2 Rd3 28. Bf4 Ne6 29. Be5 Ng5 30. Rae1 Re8 31. Bf4 Nf3 32. Rc1 g5 33. Bg3 Rd2+ 34. Rf2 Rxf2+ 35. Kxf2 Nd4 36. Ke3 Nf3 37. Rc6 a5 38. Rc5 Ng1 39. Rxg5+ Kh7 40. Rxb5 Ra8 41. Kxe4 Ne2 42. Ke3 Nxg3 43. hxg3 Kg6 44. Kf4 Ra6 45. b3 a4 46. b4 a3 47. g5 Rd6 48. Ke3 Rd1 49. Ra5 Rg1 50. Kf4 Rb1 51. Ra6+ Kg7 52. Rxa3 Rxb4+ 53. Kf5 Rb5+ 54. Kg4 Rc5 55. Ra7 Rc6 56. a4 Kg6 57. Ra5 Rc4+ 58. Kf3 Rb4 59. g4 Rc4 60. Kg3 Rc3+ 61. Kh4 Ra3 62. Ra6+ Kg7 63. Ra8 Kg6 64. a5 Kg7 65. a6 Kg6 66. Rh8 Kg7 67. Rh6 Kg8 68. Rb6 Kg7 69. Rc6 Kg8 70. g6 fxg6 71. Rxg6+ Kh7 72. Rb6 Ra4 73. Kh5 Ra1 74. Rb7+ Kh8 75. a7 1-0

[Event "45th FIDE Womens Olympiad 2024"]
[Site "Budapest"]
[Date "2024.09.16"]
[Round "6.217"]
[White "Fawaz, Nadia"]
[Black "Sakai, Azumi"]
[Result "1-0"]
[ECO "C00"]
[WhiteElo "1747"]
[BlackElo "1871"]
[PlyCount "103"]
[EventDate "2024.09.05"]
[EventType "team-tourn"]
[EventCountry "HUN"]
[WhiteTeam "Lebanon"]
[BlackTeam "Japan"]
[WhiteTeamCountry "LBN"]
[BlackTeamCountry "JPN"]
[TimeControl "40/5400+30:1800+30"]

1. e4 e6 2. Qe2 Be7 3. b3 d5 4. exd5 exd5 5. Bb2 Nf6 6. Nc3 O-O 7. O-O-O c5 8. Nf3 Nc6 9. d4 Bf5 10. dxc5 Bxc5 11. Qb5 Qb6 12. Nxd5 Qxb5 13. Bxb5 Ne4 14. Rhf1 Bg6 15. Nd4 Nb4 16. Nxb4 Bxb4 17. a3 Bc5 18. f3 Nf6 19. Bd3 Rac8 20. Bxg6 hxg6 21. b4 Bd6 22. Ne6 fxe6 23. Rxd6 Kf7 24. Bxf6 Kxf6 25. Rd7 Rf7 26. Rfd1 Rc7 27. Rxf7+ Kxf7 28. Kb2 Kf6 29. Rd4 g5 30. c4 b6 31. Kc3 a6 32. Rd6 Rb7 33. Kd4 g6 34. c5 bxc5+ 35. Kxc5 Rc7+ 36. Kb6 Rc3 37. a4 Ke5 38. Rc6 Rb3 39. Rc4 Ra3 40. a5 Ra2 41. Rg4 Kd6 42. Kxa6 Rc2 43. b5 Rc8 44. b6 Rc5 45. Rd4+ Kc6 46. b7 Kc7 47. Rd7+ Kxd7 48. b8=Q Rc6+ 49. Kb5 Rc1 50. Qb7+ Kd6 51. Qe4 Rc5+ 52. Kb6 1-0

[Event "45th FIDE Womens Olympiad 2024"]
[Site "Budapest"]
[Date "2024.09.16"]
[Round "6.218"]
[White "Shibata, Misaki"]
[Black "Attieh, Skye"]
[Result "0-1"]
[ECO "E51"]
[WhiteElo "1847"]
[BlackElo "1675"]
[PlyCount "72"]
[EventDate "2024.09.05"]
[EventType "team-tourn"]
[EventCountry "HUN"]
[WhiteTeam "Japan"]
[BlackTeam "Lebanon"]
[WhiteTeamCountry "JPN"]
[BlackTeamCountry "LBN"]
[TimeControl "40/5400+30:1800+30"]

1. d4 e6 2. c4 Nf6 3. Nc3 Bb4 4. Bd2 O-O 5. e3 d5 6. Nf3 Nbd7 7. cxd5 exd5 8. Bd3 Nb6 9. a3 Bxc3 10. Bxc3 Bg4 11. b3 Ne4 12. Rc1 f5 13. O-O Rf6 14. h3 Bh5 15. Be2 Nd7 16. Ne5 Bxe2 17. Qxe2 Nxe5 18. dxe5 Rg6 19. Rfd1 Qh4 20. Kf1 Rf8 21. Bb4 Rf7 22. Rxd5 f4 23. Rcd1 h6 24. Rd8+ Kh7 25. Qf3 Nd6 26. Ra8 fxe3 27. Qxe3 Nf5 28. Qd2 Ng3+ 29. Ke1 Ne4 30. Qd4 Rxf2 31. Rd3 Rfxg2+ 32. Kd1 Qh5+ 33. Kc1 Qe2 34. Rd2 Nxd2 35. Bxd2 Rc6+ 36. Kb1 Qd1+ {0-} 0-1

[Event "45th FIDE Womens Olympiad 2024"]
[Site "Budapest"]
[Date "2024.09.16"]
[Round "6.219"]
[White "Al Asmar, Remy"]
[Black "Kinoshita, Kanako"]
[Result "1-0"]
[ECO "A14"]
[WhiteElo "1661"]
[BlackElo "1822"]
[PlyCount "139"]
[EventDate "2024.09.05"]
[EventType "team-tourn"]
[EventCountry "HUN"]
[WhiteTeam "Lebanon"]
[BlackTeam "Japan"]
[WhiteTeamCountry "LBN"]
[BlackTeamCountry "JPN"]
[TimeControl "40/5400+30:1800+30"]

1. c4 c6 2. g3 Nf6 3. Nf3 e6 4. Bg2 d5 5. b3 Nbd7 6. Bb2 Be7 7. O-O O-O 8. d3 Re8 9. Nbd2 h6 10. Qc2 Nf8 11. c5 Ng6 12. d4 b6 13. Ba3 Bb7 14. Rfe1 Bf8 15. e3 Nd7 16. b4 Ba6 17. Nb3 Rc8 18. Bb2 e5 19. dxe5 Ngxe5 20. Nxe5 Nxe5 21. a3 Nd3 22. Red1 Nxb2 23. Qxb2 Be7 24. Rac1 Bf6 25. Qb1 Be2 26. Rd2 Bh5 27. Qc2 Bg6 28. Qd1 Qd7 29. Nd4 bxc5 30. Rxc5 Be7 31. Rc1 h5 32. Qf1 Bg5 33. Bh3 f5 34. Rdc2 Rxe3 35. Nxc6 Ree8 36. f4 Bf6 37. Qd3 Kh7 38. Bg2 d4 39. Rd1 Qd6 40. Rc5 Re4 41. Ne5 Rxc5 42. bxc5 Qxc5 43. Bxe4 fxe4 44. Qxd4 Qxa3 45. Ra1 Qb3 46. Qxa7 e3 47. Re1 e2 48. Rxe2 Be4 49. Qe3 Qxe3+ 50. Rxe3 Bf5 51. Kg2 Bc8 52. h3 Bb7+ 53. Kh2 Bc8 54. g4 g5 55. f5 hxg4 56. hxg4 Kg7 57. Nf3 Bb7 58. Ra3 Bd5 59. Ra7+ Kf8 60. Kg3 Ke8 61. Ra6 Kf7 62. Rd6 Be4 63. Re6 Bc2 64. Ne5+ Kg7 65. Nd7 Bd8 66. Re8 Bc7+ 67. Kh3 Ba4 68. f6+ Kf7 69. Re7+ Kg8 70. f7+ 1-0

[Event "45th FIDE Womens Olympiad 2024"]
[Site "Budapest"]
[Date "2024.09.16"]
[Round "6.220"]
[White "Mitsuyama, Rikka"]
[Black "Darweeche, Roaa"]
[Result "1-0"]
[ECO "D13"]
[WhiteElo "1738"]
[BlackElo "1557"]
[PlyCount "117"]
[EventDate "2024.09.05"]
[EventType "team-tourn"]
[EventCountry "HUN"]
[WhiteTeam "Japan"]
[BlackTeam "Lebanon"]
[WhiteTeamCountry "JPN"]
[BlackTeamCountry "LBN"]
[TimeControl "40/5400+30:1800+30"]

1. d4 d5 2. c4 c6 3. Nc3 Bf5 4. Qb3 Qd7 5. cxd5 Nf6 6. Nf3 cxd5 7. Ne5 Qc8 8. Nxd5 Nxd5 9. Qxd5 e6 10. Qb5+ Nc6 11. Nxc6 Qxc6 12. Qxc6+ bxc6 13. Bd2 c5 14. dxc5 Bxc5 15. Rc1 Bd6 16. f3 e5 17. e4 Be6 18. Rc6 Ke7 19. Ra6 Bc5 20. Bc3 f6 21. Bd3 Rhd8 22. Ke2 Bb6 23. Bb4+ Kf7 24. Ba5 Bc8 25. Bxb6 Bxa6 26. Bxd8 Bxd3+ 27. Kxd3 Rxd8+ 28. Kc2 Rc8+ 29. Kd2 Rd8+ 30. Ke3 Ke6 31. Rc1 Rd7 32. Rc6+ Ke7 33. Ra6 h5 34. g3 g5 35. h3 Kf7 36. f4 gxf4+ 37. gxf4 exf4+ 38. Kxf4 Re7 39. Kf5 Re5+ 40. Kf4 Re7 41. b4 Rb7 42. a3 Re7 43. a4 Kg7 44. b5 Kg6 45. Rc6 Kg7 46. h4 Kg6 47. Rd6 Rc7 48. Rc6 Rd7 49. Ra6 Re7 50. Rd6 Rc7 51. Rd3 Rc4 52. a5 Ra4 53. a6 Rb4 54. Rd5 Rb3 55. Rd7 Rxb5 56. Rxa7 Ra5 57. Ra8 Kf7 58. a7 Ra3 59. Rh8 1-0

[Event "45th FIDE Womens Olympiad 2024"]
[Site "Budapest"]
[Date "2024.09.16"]
[Round "6.221"]
[White "Rivera Negron, Yanira"]
[Black "Lieketseng, Ngatane"]
[Result "1/2-1/2"]
[ECO "D35"]
[WhiteElo "1805"]
[BlackElo "1651"]
[PlyCount "84"]
[EventDate "2024.09.05"]
[EventType "team-tourn"]
[EventCountry "HUN"]
[WhiteTeam "Puerto Rico"]
[BlackTeam "Lesotho"]
[WhiteTeamCountry "PUR"]
[BlackTeamCountry "LES"]
[TimeControl "40/5400+30:1800+30"]

1. d4 d5 2. c4 e6 3. cxd5 exd5 4. Nc3 Nf6 5. Bg5 Be7 6. e3 c6 7. Bd3 Be6 8. Qb3 Qb6 9. Qc2 Nbd7 10. Nge2 Rc8 11. O-O O-O 12. Na4 Qc7 13. Bf4 Bd6 14. f3 Rfe8 15. Bxd6 Qxd6 16. e4 dxe4 17. fxe4 Ng4 18. e5 Qe7 19. Rf3 Nf8 20. Nf4 g6 21. Rg3 Qd7 22. Nxe6 Nxe6 23. Rxg4 Nxd4 24. Qd1 Rxe5 25. Re4 Rg5 26. Bf1 Rd5 27. Nc3 Rd6 28. Qe1 Nc2 29. Re7 Qd8 30. Qe5 Nxa1 31. Ne4 Re6 32. Rxe6 fxe6 33. Qxe6+ Kf8 34. Nd6 Rc7 35. Bc4 Rg7 36. h3 Nc2 37. Qe5 b5 38. Qf4+ Ke7 39. Qe5+ Kf8 40. Qf4+ Ke7 41. Qe5+ Kf8 42. Qf4+ Ke7 1/2-1/2

[Event "45th FIDE Womens Olympiad 2024"]
[Site "Budapest"]
[Date "2024.09.16"]
[Round "6.222"]
[White "Boitumelo, Sethabathaba"]
[Black "Vega Jimenez, Keyshla M."]
[Result "0-1"]
[ECO "D36"]
[WhiteElo "1571"]
[BlackElo "1769"]
[PlyCount "116"]
[EventDate "2024.09.05"]
[EventType "team-tourn"]
[EventCountry "HUN"]
[WhiteTeam "Lesotho"]
[BlackTeam "Puerto Rico"]
[WhiteTeamCountry "LES"]
[BlackTeamCountry "PUR"]
[TimeControl "40/5400+30:1800+30"]

1. d4 d5 2. c4 e6 3. Nc3 Nf6 4. cxd5 exd5 5. Bg5 c6 6. Qc2 h6 7. Bh4 Be7 8. e3 O-O 9. Bd3 Re8 10. Nf3 Ne4 11. Bxe7 Qxe7 12. O-O Nd7 13. Nd2 Ndf6 14. Ncxe4 Nxe4 15. Bxe4 dxe4 16. Rfc1 Bd7 17. Qc5 Qf6 18. Nf1 Be6 19. Ng3 Bd5 20. a4 b6 21. Qc3 a5 22. Ne2 g5 23. Qc2 Qe6 24. Qc3 h5 25. b4 Qg4 26. Ng3 h4 27. h3 Qe6 28. Ne2 Qe7 29. Rcb1 Reb8 30. Qa3 Bc4 31. Nc3 Bd3 32. Rb2 Rb7 33. b5 Qxa3 34. Rxa3 cxb5 35. Nxb5 Rd8 36. Rc3 Rd5 37. Rc6 Bxb5 38. Rxb5 Rxb5 39. axb5 Kf8 40. f3 exf3 41. gxf3 Ke7 42. Kf2 a4 43. Ke2 a3 44. Rc2 Ra7 45. Ra2 f5 46. Kd3 g4 47. fxg4 fxg4 48. hxg4 h3 49. Kc3 Kf6 50. Kb3 Kg5 51. d5 Kxg4 52. d6 Kg3 53. e4 h2 54. Rxh2 Kxh2 55. Ka2 Rd7 56. e5 Kg3 57. Kxa3 Kf4 58. e6 Rxd6 {0-} 0-1

[Event "45th FIDE Womens Olympiad 2024"]
[Site "Budapest"]
[Date "2024.09.16"]
[Round "6.223"]
[White "Alvarado Perez, Coralys M."]
[Black "Ntsielo, Bonolo"]
[Result "0-1"]
[ECO "C00"]
[WhiteElo "1694"]
[BlackElo "1757"]
[PlyCount "90"]
[EventDate "2024.09.05"]
[EventType "team-tourn"]
[EventCountry "HUN"]
[WhiteTeam "Puerto Rico"]
[BlackTeam "Lesotho"]
[WhiteTeamCountry "PUR"]
[BlackTeamCountry "LES"]
[TimeControl "40/5400+30:1800+30"]

1. e4 e6 2. d3 d5 3. Nd2 Nf6 4. g3 b6 5. Bg2 Bb7 6. e5 Nfd7 7. d4 c5 8. c3 Nc6 9. Ne2 cxd4 10. cxd4 Rc8 11. O-O Ba6 12. Nf3 Be7 13. a3 Na5 14. Re1 O-O 15. Nc3 Nc4 16. Bf1 Nb8 17. Ne2 Qd7 18. Nf4 Rc7 19. b3 Na5 20. Bd2 Bxf1 21. Rxf1 Qb5 22. Bxa5 Qxa5 23. b4 Qa6 24. Rc1 Rfc8 25. Rxc7 Rxc7 26. Qb3 Qc4 27. Rb1 g5 28. Nh5 g4 29. Qe3 Qc2 30. Nd2 Rc3 31. Qf4 Qg6 32. Nf6+ Bxf6 33. exf6 Nd7 34. Qd6 Nxf6 35. Qb8+ Kg7 36. Qxa7 Qc2 37. Qxb6 Qxd2 38. a4 Qa2 39. Rf1 Qxa4 40. Qb8 Rb3 41. Qf4 h6 42. h3 Rxb4 43. hxg4 Rxd4 44. Qe5 Rxg4 45. Ra1 Qd4 {0-} 0-1

[Event "45th FIDE Womens Olympiad 2024"]
[Site "Budapest"]
[Date "2024.09.16"]
[Round "6.225"]
[White "Gertrude, Banini"]
[Black "Sawan, Eman"]
[Result "0-1"]
[ECO "A48"]
[WhiteElo "1712"]
[BlackElo "1972"]
[PlyCount "94"]
[EventDate "2024.09.05"]
[EventType "team-tourn"]
[EventCountry "HUN"]
[WhiteTeam "Ghana"]
[BlackTeam "Palestine"]
[WhiteTeamCountry "GHA"]
[BlackTeamCountry "PLE"]
[TimeControl "40/5400+30:1800+30"]

1. d4 Nf6 2. Nf3 g6 3. Bf4 Bg7 4. e3 O-O 5. Be2 d6 6. Nbd2 Nbd7 7. h3 b6 8. O-O Bb7 9. c3 Re8 10. Qc2 e5 11. dxe5 dxe5 12. Bg5 h6 13. Bh4 Qe7 14. Rfd1 a6 15. Bg3 Nh5 16. Bh2 f5 17. e4 f4 18. Ne1 Nhf6 19. f3 g5 20. Nd3 h5 21. Nf2 Rad8 22. a3 Kh8 23. b4 Bh6 24. Nb3 Rg8 25. Kf1 Nf8 26. Rxd8 Qxd8 27. c4 Bc8 28. c5 g4 29. fxg4 hxg4 30. hxg4 Nxg4 31. Nxg4 Bxg4 32. Bxa6 Qh4 33. Bg1 f3 34. gxf3 Bh3+ 35. Ke2 Rg2+ 36. Kd3 Qd8+ 37. Kc3 Rxc2+ 38. Kxc2 Be6 39. cxb6 cxb6 40. Kb2 Bxb3 41. Kxb3 Ne6 42. Bc4 Nd4+ 43. Bxd4 Qxd4 44. Rf1 Bd2 45. Ba6 Qc3+ 46. Ka4 Qc6+ 47. Kb3 b5 {0-} 0-1

[Event "45th FIDE Womens Olympiad 2024"]
[Site "Budapest"]
[Date "2024.09.16"]
[Round "6.226"]
[White "Hamouri, Taqwa"]
[Black "Benson, Maud"]
[Result "1-0"]
[ECO "B07"]
[WhiteElo "1845"]
[BlackElo "1682"]
[PlyCount "99"]
[EventDate "2024.09.05"]
[EventType "team-tourn"]
[EventCountry "HUN"]
[WhiteTeam "Palestine"]
[BlackTeam "Ghana"]
[WhiteTeamCountry "PLE"]
[BlackTeamCountry "GHA"]
[TimeControl "40/5400+30:1800+30"]

1. e4 d6 2. d4 Nf6 3. Nc3 c6 4. Bg5 Nbd7 5. f4 Qa5 6. Qd2 e5 7. Nf3 Be7 8. Bd3 exd4 9. Nxd4 Nc5 10. Be2 Qb4 11. Rb1 O-O 12. O-O Re8 13. e5 dxe5 14. fxe5 Nce4 15. Nxe4 Nxe4 16. Qxb4 Bxb4 17. Bf4 g5 18. Bf3 Bd2 19. Bxe4 Bxf4 20. Rfe1 Rxe5 21. g3 f5 22. gxf4 Rxe4 23. Rxe4 fxe4 24. fxg5 c5 25. Ne2 Be6 26. b3 Rf8 27. Rd1 Bg4 28. Re1 Rf3 29. Ng3 e3 30. Ne4 Bf5 31. Ng3 Bxc2 32. Nf1 e2 33. Rxe2 Bd3 34. Rf2 Rxf2 35. Kxf2 Bb1 36. a3 Bc2 37. Nd2 Kg7 38. Kf3 Kg6 39. Kg4 b5 40. h4 Bd1+ 41. Kf4 a5 42. Ne4 b4 43. axb4 cxb4 44. Nd2 a4 45. bxa4 Bxa4 46. Nc4 Kh5 47. Kg3 b3 48. Nb2 Bc6 49. Nd3 Bd7 50. Nf4# 1-0

[Event "45th FIDE Womens Olympiad 2024"]
[Site "Budapest"]
[Date "2024.09.16"]
[Round "6.227"]
[White "Felix, Tobi"]
[Black "Faqeeh, Yara"]
[Result "0-1"]
[ECO "E61"]
[WhiteElo "1677"]
[BlackElo "1671"]
[PlyCount "84"]
[EventDate "2024.09.05"]
[EventType "team-tourn"]
[EventCountry "HUN"]
[WhiteTeam "Ghana"]
[BlackTeam "Palestine"]
[WhiteTeamCountry "GHA"]
[BlackTeamCountry "PLE"]
[TimeControl "40/5400+30:1800+30"]

1. d4 Nf6 2. Nf3 g6 3. Bg5 Bg7 4. e3 d6 5. Be2 Nbd7 6. c4 O-O 7. Nc3 a6 8. O-O h6 9. Bh4 g5 10. Bg3 Nh5 11. Qc2 Nxg3 12. hxg3 e5 13. dxe5 dxe5 14. Rfd1 f5 15. Rd2 c6 16. Rad1 Qe7 17. b3 e4 18. Nh2 Nc5 19. b4 Ne6 20. c5 Nc7 21. Na4 Be6 22. Bc4 Rad8 23. Nb6 Rxd2 24. Rxd2 Rd8 25. Nf1 Bd5 26. Qb3 Qe6 27. a3 Bf6 28. Kh2 Kg7 29. a4 Bxc4 30. Nxc4 Nd5 31. Nd6 Rd7 32. b5 axb5 33. axb5 Be5 34. bxc6 bxc6 35. Nc4 Bf6 36. Nd6 Be7 37. Qb2+ Kg6 38. Ne8 Bxc5 39. Qh8 Qf7 40. Ra2 Rd8 41. Qc3 Nxc3 42. Ra6 Qxe8 {0-} 0-1

[Event "45th FIDE Womens Olympiad 2024"]
[Site "Budapest"]
[Date "2024.09.16"]
[Round "6.228"]
[White "Natsheh, Wajd"]
[Black "Dotse, Dzidzor Esi"]
[Result "1-0"]
[ECO "B10"]
[WhiteElo "1739"]
[BlackElo "1530"]
[PlyCount "71"]
[EventDate "2024.09.05"]
[EventType "team-tourn"]
[EventCountry "HUN"]
[WhiteTeam "Palestine"]
[BlackTeam "Ghana"]
[WhiteTeamCountry "PLE"]
[BlackTeamCountry "GHA"]
[TimeControl "40/5400+30:1800+30"]

1. e4 c6 2. c4 d5 3. cxd5 cxd5 4. exd5 Qxd5 5. Nc3 Qd8 6. d4 Nf6 7. Nf3 Bg4 8. Qb3 Bxf3 9. gxf3 Nc6 10. Qxb7 Nxd4 11. Bb5+ Nxb5 12. Qc6+ Nd7 13. Nxb5 Rc8 14. Qd5 e6 15. Qd3 a6 16. Nc3 Nc5 17. Qe2 Be7 18. O-O O-O 19. Kh1 Qd3 20. Qd1 Rfd8 21. Be3 Qxd1 22. Raxd1 Nd3 23. Rb1 Nxb2 24. Rxb2 Rxc3 25. Rb7 Bf6 26. Bb6 Rdc8 27. a4 Rxf3 28. Kg2 Rb3 29. a5 Bd4 30. Rc1 Re8 31. Rcc7 Bxb6 32. Rxb6 Rxb6 33. axb6 g6 34. b7 Kg7 35. Rc8 a5 36. Rxe8 1-0

[Event "45th FIDE Womens Olympiad 2024"]
[Site "Budapest"]
[Date "2024.09.16"]
[Round "6.229"]
[White "Georgina, Sackie"]
[Black "Park, Sunwoo"]
[Result "0-1"]
[ECO "A60"]
[WhiteElo "1688"]
[BlackElo "1877"]
[PlyCount "90"]
[EventDate "2024.09.05"]
[EventType "team-tourn"]
[EventCountry "HUN"]
[WhiteTeam "Liberia"]
[BlackTeam "South Korea"]
[WhiteTeamCountry "LBR"]
[TimeControl "40/5400+30:1800+30"]

1. d4 Nf6 2. c4 e6 3. Nf3 c5 4. d5 exd5 5. cxd5 d6 6. Nc3 Be7 7. e4 O-O 8. h3 Re8 9. Bd3 a6 10. a4 Nbd7 11. Bf4 Nf8 12. O-O Ng6 13. Bh2 b6 14. Rb1 Nd7 15. Bc2 Qc7 16. Nd2 Bf6 17. f4 Rb8 18. Nf3 b5 19. axb5 axb5 20. e5 dxe5 21. Bxg6 hxg6 22. Ne4 Qb6 23. Nxf6+ gxf6 24. fxe5 Nxe5 25. Nxe5 fxe5 26. Qf3 c4+ 27. Kh1 Rb7 28. Rbe1 Qd6 29. Rd1 Bf5 30. Qg3 Bd3 31. Rf3 Be2 32. Rff1 Bxd1 33. Rxd1 b4 34. Qg5 c3 35. bxc3 bxc3 36. h4 c2 37. Rc1 Qxd5 38. Bg1 Rb1 39. Be3 Rxc1+ 40. Bxc1 Qd1+ 41. Kh2 Qh5 42. Qf6 Qf5 43. Qb6 e4 44. Bg5 e3 45. Bxe3 Qe5+ {0-} 0-1

[Event "45th FIDE Womens Olympiad 2024"]
[Site "Budapest"]
[Date "2024.09.16"]
[Round "6.230"]
[White "Khan, Anastasia"]
[Black "Meleh, N. Davis"]
[Result "1-0"]
[ECO "D02"]
[WhiteElo "1859"]
[BlackElo "1602"]
[PlyCount "69"]
[EventDate "2024.09.05"]
[EventType "team-tourn"]
[EventCountry "HUN"]
[WhiteTeam "South Korea"]
[BlackTeam "Liberia"]
[BlackTeamCountry "LBR"]
[TimeControl "40/5400+30:1800+30"]

1. d4 d5 2. Bf4 Nf6 3. e3 Bg4 4. Nf3 e6 5. Nbd2 c5 6. h3 Bh5 7. Bb5+ Nc6 8. c3 Qb6 9. Qa4 a6 10. Bxc6+ Qxc6 11. Qxc6+ bxc6 12. Ne5 cxd4 13. cxd4 Bb4 14. f3 Bxd2+ 15. Kxd2 O-O 16. Nxc6 Kh8 17. Ne5 Rfc8 18. Rhc1 Ne8 19. Nd7 Rxc1 20. Rxc1 h6 21. b4 g5 22. Be5+ Kg8 23. Rc6 Bg6 24. a4 Bb1 25. Nc5 Ba2 26. Rxa6 Rxa6 27. Nxa6 Bc4 28. Nc5 Kf8 29. b5 f6 30. b6 fxe5 31. b7 exd4 32. b8=Q dxe3+ 33. Kxe3 Ke7 34. a5 Nd6 35. Qc7+ 1-0

[Event "45th FIDE Womens Olympiad 2024"]
[Site "Budapest"]
[Date "2024.09.16"]
[Round "6.231"]
[White "Abigail, Karyah"]
[Black "Cho, Yeonhee"]
[Result "1-0"]
[ECO "D18"]
[WhiteElo "1790"]
[BlackElo "1696"]
[PlyCount "93"]
[EventDate "2024.09.05"]
[EventType "team-tourn"]
[EventCountry "HUN"]
[WhiteTeam "Liberia"]
[BlackTeam "South Korea"]
[WhiteTeamCountry "LBR"]
[TimeControl "40/5400+30:1800+30"]

1. d4 d5 2. c4 c6 3. Nc3 Nf6 4. Nf3 dxc4 5. a4 Bf5 6. e3 e6 7. Bxc4 Bb4 8. O-O a5 9. Qe2 Nbd7 10. Rd1 Bg6 11. Bd3 O-O 12. e4 Re8 13. Bg5 e5 14. d5 Bxc3 15. dxc6 bxc6 16. bxc3 h6 17. Bc1 Nc5 18. Bc2 Qc7 19. Nd2 Rad8 20. f3 Ne6 21. Ba3 Nf4 22. Qf2 Nd7 23. Nc4 Kh8 24. Rd2 Ra8 25. Rad1 Nf6 26. Bd6 Qa7 27. Qxa7 Rxa7 28. Nxe5 Ne6 29. Nxg6+ fxg6 30. Bb3 Rb7 31. Bc4 Nd7 32. Kf2 Nb6 33. Bxe6 Rxe6 34. Rb2 Rd7 35. Rxb6 Rexd6 36. Rxd6 Rxd6 37. Ke2 g5 38. Ra6 Kg8 39. Rxa5 Kf7 40. Rc5 Ke7 41. a5 Kd7 42. a6 Kc7 43. a7 Rd8 44. Ra5 Ra8 45. Kd3 Kb7 46. e5 Kc7 47. g3 1-0

[Event "45th FIDE Womens Olympiad 2024"]
[Site "Budapest"]
[Date "2024.09.16"]
[Round "6.232"]
[White "Kim, Sarang"]
[Black "Princess, K. Banney"]
[Result "1-0"]
[ECO "B13"]
[WhiteElo "1732"]
[BlackElo "1447"]
[PlyCount "73"]
[EventDate "2024.09.05"]
[EventType "team-tourn"]
[EventCountry "HUN"]
[WhiteTeam "South Korea"]
[BlackTeam "Liberia"]
[BlackTeamCountry "LBR"]
[TimeControl "40/5400+30:1800+30"]

1. e4 c6 2. d4 d5 3. exd5 cxd5 4. Bd3 Nc6 5. c3 Nf6 6. Nf3 Bg4 7. Bf4 e6 8. Nbd2 Bd6 9. Bxd6 Qxd6 10. O-O Rb8 11. Qa4 a6 12. Ne5 O-O 13. Rfe1 Bh5 14. Nb3 Nd7 15. Nxd7 Qxd7 16. Nc5 Qd6 17. b4 e5 18. Bf5 Rfd8 19. dxe5 Nxe5 20. f4 Nc4 21. Nxb7 Qb6+ 22. Nc5 Qf6 23. Nd7 Qd6 24. Nxb8 Qxb8 25. Qxa6 Qxf4 26. Bd3 Ne5 27. Qb6 Rf8 28. Qe3 Nxd3 29. Qxd3 Qd6 30. a4 f6 31. a5 Be8 32. Kh1 Bc6 33. b5 Ba8 34. Qd4 Qb8 35. b6 Bb7 36. a6 Bxa6 37. Rxa6 1-0